 Dungeon Crawl Stone Soup version 0.25.1-1-g288607f5aa (webtiles) character file.

Game seed: 1874269328441699376

368 Elvor the Bolt Thrower (level 6, -3/56 HPs)
             Began as a Minotaur Hunter on July 21, 2020.
             Slain by an ogre
             ... wielding a +0 giant club
              (21 damage)
             ... while paralysed by Ijyb
             ... on level 4 of the Dungeon.
             The game lasted 00:25:19 (2264 turns).

Elvor the Bolt Thrower (Minotaur Hunter)            Turns: 2264, Time: 00:25:19

Health: -3/56      AC:  8    Str: 19    XL:     6   Next: 41%
Magic:  14/14      EV:  2    Int:  8    God:
Gold:   116        SH:  0    Dex: 10    Spells: 5/5 levels left

rFire    . . .     SeeInvis .   x - +0 rapier
rCold    . . .     Gourm    .   (no shield)
rNeg     . . .     Faith    .   g - +0 chain mail
rPois    .         Spirit   .   (helmet restricted)
rElec    .         Reflect  .   (no cloak)
rCorr    .         Harm     .   (no gloves)
MR       .....                  (no boots)
Stlth    ..........             e - amulet of inaccuracy (curse)
HPRegen  0.18/turn              p - ring of magical power
MPRegen  0.14/turn              c - ring of wizardry

@: paralysed
A: retaliatory headbutt, horns 2
a: no special abilities


You were on level 4 of the Dungeon.
You were not hungry.

You visited 1 branch of the dungeon, and saw 4 of its levels.

You collected 116 gold pieces.

Inventory:

Hand Weapons
 a - a +1 hand crossbow
 u - a +0 long sword
 v - a +1 spear of flaming
 x - a +0 rapier (weapon)
Missiles
 d - 38 bolts
 h - 7 boomerangs
 j - 5 silver boomerangs (quivered)
Armour
 g - a +0 chain mail (worn)
Jewellery
 c - a ring of wizardry (right hand)
 e - a cursed amulet of inaccuracy (around neck)
 p - a ring of magical power (left hand)
 y - an uncursed amulet of faith {unknown}
Scrolls
 b - a scroll of blinking {unknown}
 k - a scroll of teleportation {unknown}
 n - a scroll of identify {unknown}
 o - 2 scrolls of enchant weapon {unknown}
 q - 2 scrolls of amnesia {unknown}
 t - a scroll of magic mapping {unknown}
 w - a scroll of remove curse {unknown}
 A - a scroll of enchant armour {unknown}
Potions
 i - a potion of curing {unknown}
 l - a potion of berserk rage {unknown}
 m - a potion of might {unknown}
 r - 2 potions of haste {unknown}
 s - a potion of heal wounds {unknown}
 z - a potion of ambrosia {unknown}
Comestibles
 f - 10 rations
 B - 8 chunks of flesh


   Skills:
 * Level 5.2 Fighting
 + Level 1.4 Short Blades
 + Level 6.4 Crossbows
 + Level 2.4 Armour
 + Level 2.5 Dodging
 + Level 0.7 Stealth


You had 5 spell levels left.
You didn't know any spells.
Your spell library was empty.

Dungeon Overview and Level Annotations

Branches:
Dungeon (4/15)
 Temple: D:4-7

Altars:
Ashenzari
Dithmenos
Gozag
Kikubaaqudgha
Sif Muna
Uskayaw
Yredelemnul
Zin
The Shining One

Annotations:
D:4 Ijyb


Innate Abilities, Weirdness & Mutations

You reflexively headbutt those who attack you in melee.
You have a pair of horns on your head.


Message History

The ogre is moderately wounded.
Throwing (i - inventory. (/) - cycle)
j - 5 silver boomerangs (quivered)
Press: ? - help, Shift-Dir - straight line, f/p - ogre
Aim: an ogre, wielding a +0 giant club (moderately wounded)
You throw a silver boomerang.
The silver boomerang barely misses the ogre.
Ijyb the Twisted Goblin comes into view.
She is carrying a wand of paralysis (11).
Throwing (i - inventory. (/) - cycle)
j - 5 silver boomerangs (quivered)
Press: ? - help, Shift-Dir - straight line, f/p - ogre
Aim: an ogre, wielding a +0 giant club (moderately wounded)
You throw a silver boomerang.
Ijyb shouts!
The silver boomerang hits the ogre but does no damage.
The ogre is moderately wounded.
Ijyb zaps a wand.
You resist with some effort.
Ijyb zaps a wand.
You suddenly lose the ability to move!
The ogre hits you with a +0 giant club!
Ijyb drinks a potion.
Ijyb suddenly seems more resistant.
The ogre hits you with a +0 giant club!!
You die...

#............
##..........#
..#...!....g?..
....(........#
...........#
#....#####
#......... #
###O.....##
##.#####.#@##...#
#...#.....[# ....
...........# ...
...........# .#
...........# #
.............#
......(......#
.............######
....##......#.....


You could see an ogre and Ijyb (resistant).

Vanquished Creatures
  A sky beast (D:3)
  An ogre (D:4)
  4 gnolls (D:3)
  7 adders
  An ooze (D:3)
  2 worms (D:3)
  2 dart slugs
  2 leopard geckos
  7 orcs
  2 ball pythons
  13 bats
  3 giant cockroaches
  4 hobgoblins
  A quokka (D:2)
  4 frilled lizards
  5 goblins
  9 kobolds
  6 rats
74 creatures vanquished.

Notes
Turn   | Place    | Note
-------+----------+-------------------------------------------
     0 | D:1      | Elvor the Minotaur Hunter began the quest for the Orb.
     0 | D:1      | Reached XP level 1. HP: 18/18 MP: 0/0
   359 | D:1      | Reached XP level 2. HP: 13/25 MP: 1/1
   772 | D:2      | Reached XP level 3. HP: 10/31 MP: 2/2
   790 | D:2      | Reached skill level 5 in Crossbows
  1019 | D:2      | Found an ancient bone altar of Kikubaaqudgha.
  1020 | D:2      | Found a basalt altar of Yredelemnul.
  1023 | D:2      | Found a shadowy altar of Dithmenos.
  1023 | D:2      | Found a shimmering blue altar of Sif Muna.
  1072 | D:2      | Found an opulent altar of Gozag.
  1072 | D:2      | Found a shattered altar of Ashenzari.
  1073 | D:2      | Found a glowing silver altar of Zin.
  1145 | D:2      | Found a glowing golden altar of the Shining One.
  1427 | D:2      | Reached XP level 4. HP: 40/40 MP: 3/3
  1616 | D:3      | Found a hide-covered altar of Uskayaw.
  1646 | D:3      | Reached skill level 1 in Armour
  1757 | D:3      | Reached XP level 5. HP: 33/47 MP: 4/4
  2107 | D:3      | Reached skill level 1 in Short Blades
  2150 | D:4      | Noticed an ogre
  2152 | D:4      | Noticed a sky beast
  2156 | D:4      | Killed an ogre
  2156 | D:4      | Reached skill level 6 in Crossbows
  2156 | D:4      | Reached XP level 6. HP: 55/55 MP: 5/5
  2192 | D:3      | Killed a sky beast
  2192 | D:3      | Reached skill level 5 in Fighting
  2257 | D:4      | Noticed Ijyb
  2261 | D:4      | Paralysed by Ijyb for 5 turns
  2264 | D:4      | Slain by an ogre

Illustrated notes

Levels and vault maps discovered:
D:1:      scummos_arrival_simple_fountains, layout_rooms
D:2:      minmay_chambers_of_ones, layout_basic, grunt_temple_overflow_open,
          lemuel_altar_in_water
D:3:      layout_rooms, nicolae_overflow_hidden_temple
D:4:      layout_cave_pools, kennysheep_mini, cheibriados_altar_1,
          uniq_blork_the_orc, uniq_ijyb

Skill      XL: |  1  2  3  4  5  6 |
---------------+-------------------+-----
Fighting       | 3 4 5 |  5.2
Crossbows      | 5 6 |  6.4
Armour         | 1 2 |  2.4
Short Blades   | 1 |  1.4
Dodging        | |  2.5
Stealth        | |  0.7

Action                   |  1- 3 |  4- 6 || total
-------------------------+-------+-------++-------
Melee: Short sword       |    73 |    22 ||    95
       Headbutt          |     6 |     8 ||    14
       Rapier            |       |    50 ||    50
 Fire: Hand crossbow     |    71 |    93 ||   164
Throw: Boomerang         |       |     8 ||     8
  Eat: Chunk             |     2 |     2 ||     4
Armor: Chain mail        |    61 |    56 ||   117
Dodge: Dodged            |    48 |    29 ||    77
